 Dungeon Crawl Stone Soup version 0.19.4-25-g1b72edd (webtiles) character file.

2975 JeffiDaFish the Basher (level 9, -3/49 HPs)
             Began as a Gargoyle Fighter on Feb 28, 2017.
             Was an Initiate of Okawaru.
             Slain by an orc warrior
             ... wielding a +0 glaive
              (11 damage)
             ... on level 7 of the Dungeon.
             The game lasted 00:20:44 (7372 turns).

JeffiDaFish the Basher (Gargoyle Fighter)           Turns: 7372, Time: 00:20:45

Health: -3/49      AC: 22    Str: 20      XL:     9   Next: 82%
Magic:  18/18      EV:  7    Int:  8 (9)  God:    Okawaru [......]
Gold:   347        SH: 10    Dex:  9 (10) Spells: 0 memorised, 8 levels left

rFire  x . .     SeeInvis .     a - +0 flail
rCold  . . .     Gourm    +     s - +0 plate armour
rNeg   + + +     Faith    .     c - +0 shield
rPois  ∞         Spirit   .     n - +0 helmet
rElec  +         Reflect  .     p - +0 cloak
rCorr  .         Harm     .     k - +0 pair of gloves
MR     .....                    (no boots)
Stlth  ..........               d - amulet of the gourmand
                                l - ring "Dyediluisa" {*Contam rElec rF- rN+++ MP+9}
                                e - +2 ring of evasion

@: no status effects
A: clumsy 1, deterioration 1, frail 1, negative energy resistance 1, screaming
1, electricity resistance, unbreathing, petrification resistance, rot immunity,
MP-powered wands, AC +5
a: Renounce Religion


You were on level 7 of the Dungeon.
You worshipped Okawaru.
Okawaru was noncommittal.
You were not hungry.

You visited 2 branches of the dungeon, and saw 8 of its levels.

You collected 347 gold pieces.

Inventory:

Hand Weapons
 a - a +0 flail (weapon)
Armour
 c - a +0 shield (worn)
 k - a +0 pair of gloves (worn)
 n - a +0 helmet (worn)
 p - a +0 cloak (worn)
 s - a +0 plate armour (worn)
Jewellery
 d - an amulet of the gourmand (around neck)
 e - a +2 ring of evasion (left hand)
 l - the ring "Dyediluisa" (right hand) {*Contam rElec rF- rN+++ MP+9}
   (You found it on level 5 of the Dungeon)

   [ring of magical power]

   It makes you vulnerable to fire.
   It insulates you from electricity.
   It renders you almost immune to negative energy.
   It affects your magic capacity (+9).
   It causes magical contamination when unequipped.
 r - an uncursed amulet of rage
Scrolls
 i - 6 scrolls of identify
 j - 3 scrolls of teleportation
 q - a scroll of recharging
 t - a scroll of fear
 v - a scroll of fog
Potions
 m - a potion of curing
 o - a potion of flight
 u - a potion of might
Comestibles
 b - 3 fruits
 f - 7 bread rations
 g - a beef jerky
 h - 4 meat rations


   Skills:
 + Level 6.2 Fighting
 + Level 9.0 Maces & Flails
 + Level 6.5 Armour
 + Level 2.0 Dodging
 + Level 0.5 Stealth
 + Level 7.8 Shields


You had 8 spell levels left.
You didn't know any spells.

Dungeon Overview and Level Annotations

Branches:
Dungeon (7/15)             Temple (1/1) D:6

Altars:
Ashenzari
Cheibriados
Dithmenos
Elyvilon
Fedhas
Gozag
Hepliaklqana
Kikubaaqudgha
Makhleb
Nemelex Xobeh
Okawaru
Qazlal
Ru
Sif Muna
Uskayaw
Vehumet
Xom
Yredelemnul
Zin


Innate Abilities, Weirdness & Mutations

You are resistant to torment.
Your stone body is resilient. (AC +5)
You are immune to poison.
You resist negative energy. (rN+)
You are resistant to electric shocks. (rElec)
You can survive without breathing.
You are immune to petrification.
You are immune to rotting.
You are clumsy. (Dex -2)
Your body sometimes deteriorates upon taking damage.
You are frail. (-10% HP)
You occasionally shout uncontrollably at your foes.
You expend magic power (3 MP) to strengthen your wands.


Message History

You hit the orc warrior but do no damage.
The orc warrior is moderately wounded.
You block the crimson imp's attack.
The orc warrior hits you but does no damage.
You hit the orc warrior but do no damage.
The orc warrior is moderately wounded.
The crimson imp hits you but does no damage.
You block the orc warrior's attack.
The crimson imp hits you but does no damage.
You sock the orc warrior!
The orc warrior is heavily wounded.
You closely miss the orc warrior.
The orc warrior is heavily wounded.
The crimson imp hits you but does no damage.
You block the orc warrior's attack.
Your shield and plate armour prevent you from hitting the orc warrior.
The orc warrior is heavily wounded.
The crimson imp hits you but does no damage.
The orc warrior hits you with a glaive!
You die...

...#.....#..#..#.....#.
#...#...#...#...#...#...
##...###..)#.#...###....
##..#..#..#...#..#..#..
...#... #.....###...#.
......#. #.....#..#.. ..
.....#.. #.....#...#....
........#.#...#)#......#
.......#...#.#.5@#
..............)..o.....#
.......###########..####
.......## #.# .......<#
... .....##.### ...
..........# ...
......#.#.# ...
......#.#.#


You could see an orc warrior and a crimson imp.

Vanquished Creatures
  The ghost of UltraMegaBob the Cleaver, a novice GrFi of Trog (D:6)
  The ghost of HeyBub the Poker, a novice MiFi (D:5)
  Sigmund (D:5)
  Menkaure (D:5)
  4 ogres
  A phantom (D:4)
  A centaur (D:3)
  2 big kobolds (D:7)
  3 bullfrogs
  2 wyvern skeletons (D:6)
  3 wights (D:5)
  A howler monkey (D:5)
  A crimson imp (D:5)
  A quasit (D:6)
  A jelly (D:6)
  8 orc wizards
  3 orc priests
  4 hounds
  2 worker ants
  2 howler monkey skeletons
  11 adders
  A shadow imp (D:5)
  2 oozes
  2 worms (D:4)
  4 dart slugs
  9 leopard geckos
  25 orcs
  3 bats
  6 giant cockroaches
  7 goblins
  7 hobgoblins
  14 jackals
  12 kobolds
  6 quokkas
  2 ball pythons
  5 frilled lizards
  A jackal skeleton (D:4)
  A jackal zombie (D:4)
  A leopard gecko skeleton (D:5)
  6 rats
168 creatures vanquished.

Vanquished Creatures (others)
  An orc wizard (D:4)
  A kobold (D:7)
2 creatures vanquished.

Grand Total: 170 creatures vanquished

Notes
Turn   | Place    | Note
-------+----------+-------------------------------------------
     0 | D:1      | JeffiDaFish the Gargoyle Fighter began the quest for the Orb.
     0 | D:1      | Reached XP level 1. HP: 14/14 MP: 1/1
   201 | D:1      | Reached XP level 2. HP: 19/19 MP: 2/2
   454 | D:1      | Reached XP level 3. HP: 20/23 MP: 3/3
   684 | D:2      | Found a sacrificial altar of Ru.
  1080 | D:2      | Reached skill level 3 in Maces & Flails
  1080 | D:2      | Reached XP level 4. HP: 18/28 MP: 4/4
  1203 | D:2      | Found a shadowy altar of Dithmenos.
  1701 | D:3      | Gained mutation: You occasionally shout uncontrollably at your foes. [potion of mutation]
  1701 | D:3      | Gained mutation: You are frail. (-10% HP) [potion of mutation]
  1702 | D:3      | Gained mutation: You expend magic power (3 MP) to strengthen your wands. [potion of mutation]
  1702 | D:3      | Gained mutation: Your body sometimes deteriorates upon taking damage. [potion of mutation]
  1702 | D:3      | Gained mutation: You are clumsy. (Dex -2) [potion of mutation]
  1799 | D:3      | Noticed a centaur
  1805 | D:3      | Killed a centaur
  1805 | D:3      | Reached skill level 1 in Dodging
  1805 | D:3      | Reached XP level 5. HP: 21/29 MP: 5/5
  2255 | D:3      | Reached skill level 4 in Maces & Flails
  2255 | D:3      | Reached XP level 6. HP: 19/34 MP: 6/6
  2700 | D:4      | Reached skill level 5 in Shields
  3184 | D:4      | Noticed a phantom
  3202 | D:4      | Killed a phantom
  3202 | D:4      | Reached skill level 5 in Maces & Flails
  3202 | D:4      | Reached XP level 7. HP: 34/38 MP: 7/7
  3374 | D:5      | Entered Level 5 of the Dungeon
  3668 | D:5      | Noticed Menkaure
  3680 | D:5      | Killed Menkaure
  3870 | D:5      | Noticed Sigmund
  3909 | D:5      | Killed Sigmund
  3909 | D:5      | Reached skill level 6 in Maces & Flails
  3909 | D:5      | Reached XP level 8. HP: 37/43 MP: 8/8
  4092 | D:5      | Noticed HeyBub's ghost (novice MiFi)
  4235 | D:5      | Killed HeyBub's ghost
  4235 | D:5      | Reached skill level 5 in Fighting
  4235 | D:5      | Reached skill level 7 in Maces & Flails
  4235 | D:5      | Reached skill level 5 in Armour
  4360 | D:5      | Got an ancient marble ring
  4557 | D:5      | Identified the ring "Dyediluisa" {*Contam rElec rF- rN+++ MP+9} (You found it on level 5 of the Dungeon)
  4889 | D:5      | Found an opulent altar of Gozag.
  4889 | D:5      | Found a sparkling altar of Nemelex Xobeh.
  5046 | D:5      | Found a snail-covered altar of Cheibriados.
  5047 | D:5      | Found a hide-covered altar of Uskayaw.
  5050 | D:5      | Found a hazy altar of Hepliaklqana.
  5147 | D:6      | Reached XP level 9. HP: 43/48 MP: 9/9
  5591 | D:6      | Reached skill level 8 in Maces & Flails
  6219 | D:6      | Noticed UltraMegaBob's ghost (novice GrFi)
  6276 | D:6      | Killed UltraMegaBob's ghost
  6492 | D:6      | Found a white marble altar of Elyvilon.
  6699 | D:6      | Found a staircase to the Ecumenical Temple.
  6710 | Temple   | Entered the Ecumenical Temple
  6790 | Temple   | Became a worshipper of Warmaster Okawaru
  6925 | D:6      | Found a sparkling altar of Nemelex Xobeh.
  7170 | D:7      | Found a stormy altar of Qazlal.
  7189 | D:7      | Found a shimmering altar of Xom.
  7318 | D:7      | Reached skill level 9 in Maces & Flails
  7372 | D:7      | Slain by an orc warrior

Skill      XL: |  1  2  3  4  5  6  7  8  9 |
---------------+----------------------------+-----
Maces & Flails | 3 4 5 6 7 9 |  9.0
Shields        | 4 5 6 7 |  7.8
Dodging        | 1 2 |  2.0
Armour         | 4 5 6 |  6.5
Fighting       | 4 5 6 |  6.2
Stealth        | |  0.5

Action                   |  1- 3 |  4- 6 |  7- 9 || total
-------------------------+-------+-------+-------++-------
Melee: Flail             |   173 |   361 |   494 ||  1028
  Use: Potion            |     4 |     5 |     2 ||    11
       Scroll            |     4 |     2 |     6 ||    12
  Eat: Chunk             |     1 |     8 |    23 ||    32
Armor: Scale mail        |   123 |    53 |       ||   176
       Chain mail        |       |   150 |       ||   150
       Plate armour      |       |    27 |   272 ||   299
Dodge: Dodged            |    88 |   132 |    95 ||   315
Block: Shield            |   100 |   203 |   242 ||   545
